AoeStats
← NicksjeDhondt

Black Forest

508231040Analyzed
3v3 RM · 12d ago on Sep 21, 2026· 38m 17s· 6 players
Game mode
Random Map
Map size
Normal (6 player)
Population
200
Speed
Normal
Resources
Standard
Victory
Conquest
Starting age
Dark Age
Ending age
Imperial Age
RankedLock teamsTeams togetherTeam positionsShared explorationLock speedFull tech treeHidden civsTurbo modeCheats
Victory
Defeat
🇧🇪 Chinese · Belgium
736
+9
🇩🇪 Franks · Germany
674
+11
🇸🇪 Goths · Sweden
614
+13
🇨🇳 Shu · China
731
-17
🇨🇳 Chinese · China
487
-8
🇬🇧 Inca · United Kingdom
464
-8
Lunkan
2:14 Loom
12:31 Feudal Age
13:23 Double-Bit Axe
13:22 Horse Collar
20:36 Castle Age
21:53 Bow Saw
21:46 Heavy Plow
25:04 Wheelbarrow
24:15 Town Watch
24:52 Gold Mining
25:18 Fervor
30:49 Imperial Age
28:48 Hand Cart
28:33 Town Patrol
28:58 Squires
29:02 Anarchy
30:17 Forging
30:08 Scale Mail Armor
30:54 Elite Huskarl
31:56 Conscription
32:38 Perfusion
33:37 Iron Casting
33:26 Chain Mail Armor
34:22 Crop Rotation
36:06 Blast Furnace
35:49 Caravan
37:57 Ballistics
38:38 Chemistry
NicksjeDhondt
0:53 Loom
12:28 Feudal Age
13:23 Double-Bit Axe
13:53 Horse Collar
17:49 Gold Mining
20:02 Stone Mining
23:20 Castle Age
24:21 Bow Saw
26:07 Heavy Plow
29:02 Coinage
29:13 Caravan
29:20 Pikeman
31:29 Squires
32:10 Town Watch
33:52 Wheelbarrow
34:21 Gold Shaft Mining
37:39 Imperial Age
37:36 Forging
37:27 Scale Mail Armor
37:33 Scale Barding Armor
38:32 Hand Cart
39:45 Two-Man Saw
Artemis0880
0:29 Loom
12:56 Feudal Age
15:38 Town Watch
16:00 Double-Bit Axe
18:33 Castle Age
20:52 Bow Saw
22:48 Caravan
26:51 Wheelbarrow
28:23 Hand Cart
28:03 Gold Mining
28:26 Fletching
30:29 Stone Mining
31:15 Gold Shaft Mining
34:14 Imperial Age
31:53 Bodkin Arrow
32:20 Town Patrol
32:45 Ballistics
33:19 Fortified Wall
33:22 Masonry
33:09 Murder Holes
33:23 Scale Barding Armor
34:39 Chain Barding Armor
34:29 Forging
35:33 Hoardings
35:38 Architecture
35:59 Husbandry
35:20 Cavalier
36:41 Siege Engineers
37:53 Paladin
Leggy Mountbatten
0:31 Loom
15:03 Feudal Age
15:28 Horse Collar
15:42 Gold Mining
22:11 Castle Age
20:03 Double-Bit Axe
20:09 Stone Mining
22:53 Heavy Plow
23:07 Bow Saw
24:59 Arson
27:52 Gold Shaft Mining
27:31 Town Watch
29:32 Squires
31:00 Town Patrol
31:55 Scale Mail Armor
33:40 Stone Shaft Mining
34:31 Caravan
36:11 Pikeman
zzr0125
0:30 Loom
14:27 Feudal Age
19:53 Castle Age
27:02 Imperial Age
28:54 Horse Collar
29:42 Gold Mining
29:50 Stone Mining
29:50 Double-Bit Axe
31:58 Gold Shaft Mining
32:01 Stone Shaft Mining
31:37 Bow Saw
32:12 Capped Ram
35:37 Ballistics
37:00 Heavy Plow
38:04 Two-Man Saw
37:10 Padded Archer Armor
37:00 Fletching
37:54 Arson
38:10 Squires
38:18 Thumb Ring
我喜欢狐臭
1:15 Loom
13:23 Feudal Age
18:26 Double-Bit Axe
22:20 Castle Age
23:24 Horse Collar
24:45 Wheelbarrow
31:05 Bow Saw
30:58 Heavy Plow
31:45 Stone Mining
31:45 Gold Mining
36:19 Imperial Age
34:24 Hand Cart
35:20 Padded Archer Armor
35:11 Fletching
36:05 Ballistics
35:56 Masonry
38:13 Chemistry
Connection lost

Rejoining the realm…

Still unreachable

The connection could not be restored.

Session expired

The server has moved on; the page needs a fresh start.